 Dungeon Crawl Stone Soup version 0.29.1-12-g30fa7ad0bf (webtiles) character file.

Game seed: 8102580036421685873

3 mopl the Grasshopper (level 1, -1/12 HPs)
             Began as a Tengu Warper on Jan 5, 2023.
             Succumbed to a kobold's poison
             ... on level 1 of the Dungeon.
             The game lasted 00:00:27 (264 turns).

mopl the Grasshopper (Tengu Warper)                  Turns: 264, Time: 00:00:27

Health: -1/12      AC:  3    Str: 11    XL:     1   Next: 50%
Magic:  4/4        EV: 11    Int: 13    God:
Gold:   0          SH:  0    Dex: 13    Spells: 4/4 levels left

rFire   . . .      SeeInvis .   a - +0 falchion
rCold   . . .      Faith    .   (no shield)
rNeg    . . .      Spirit   .   b - +0 leather armour
rPois   .          Reflect  .   (helmet restricted)
rElec   .          Harm     .   (no cloak)
rCorr   .          Rampage  .   (no gloves)
Will    .....                   (boots unavailable)
Stlth   +.........              (no amulet)
HPRegen 0.04/turn               (no ring)
MPRegen 0.09/turn               (no ring)

@: lethally poisoned (-1 -> -14)
A: beak, talons 3
a: no special abilities


You were on level 1 of the Dungeon.
You visited 1 branch of the dungeon, and saw 1 of its levels.

Inventory:

Hand Weapons
 a - a +0 falchion (weapon)
Missiles
 d - 7 boomerangs of dispersal (quivered)
Armour
 b - a +0 leather armour (worn)
Scrolls
 c - 2 scrolls of blinking
Potions
 e - a potion of resistance {unknown}


   Skills:
 + Level 2.0 Fighting
 * Level 2.4 Long Blades
 + Level 1.1 Throwing
 - Level 1.1 Armour
 - Level 2.1 Dodging
 - Level 2.0 Spellcasting
 - Level 2.4 Translocations


You had 4 spell levels left.
You didn't know any spells.
Your spell library contained the following spells:

 Spells                   Type           Power      Damage    Failure   Level
 Blink                    Tloc           14%        N/A       19%         2
 Gell's Gravitas          Tloc           7%         N/A       36%         3
 Lesser Beckoning         Tloc           7%         N/A       36%         3
 Teleport Other           Tloc           7%         N/A       36%         3
 Manifold Assault         Tloc           7%         N/A       98%         5


Dungeon Overview and Level Annotations

Branches:
Dungeon (1/15)

Altars:

Shops:
D:1 (


Innate Abilities, Weirdness & Mutations

You have a beak for a mouth.
You have claws for feet.


Message History

You start resting.
You start resting.
HP restored.
c - 2 scrolls of blinking (gained 1)
There is an entrance to Hiob's Weapon Emporium here.
You can access your shopping list by pressing '$'.
A hobgoblin comes into view.
The hobgoblin shouts!
You hear a shout!
You closely miss the hobgoblin. You punch the hobgoblin.
The hobgoblin is heavily wounded.
A kobold comes into view. It is wielding a +1 whip of venom.
The hobgoblin closely misses you.
The hobgoblin hits you but does no damage.
You barely miss the hobgoblin. Your peck misses the hobgoblin.
The hobgoblin is moderately wounded.
The hobgoblin misses you.
You hit the hobgoblin but do no damage.
You claw the hobgoblin, but do no damage.
The hobgoblin is moderately wounded.
The hobgoblin hits you.
You barely miss the hobgoblin.
The hobgoblin is moderately wounded.
The kobold hits you with a +1 whip of venom.
You are lethally poisoned!
The hobgoblin misses you.
Unknown command.
Unknown command.
You closely miss the hobgoblin. You claw the hobgoblin.
You punch the hobgoblin.
The hobgoblin is almost dead.
You feel very sick. The kobold closely misses you. The hobgoblin hits you.
* * * LOW HITPOINT WARNING * * *
You are too injured to fight recklessly!
You are too injured to fight recklessly!
The kobold attacks as you move away!
The kobold hits you with a +1 whip of venom.
* * * LOW HITPOINT WARNING * * *
You are more poisoned.
You die...

...#.... #. #.#.#...
#. .#...#.. ##.
..#...#. .. ...#...#
#. #....... #. #.##
........ #. #Kg#
.####### #. #.### .#
##.## #.###@:.# ##
##...## ##...##.# #
#.....###)....#.# #
#........÷......#
####.....##...∩...##
...†.....##.......#
######.#.###.....##
.......#.####÷..##
########.......##


You could see a hobgoblin and a kobold.

Vanquished Creatures
  A hobgoblin (D:1)
  A bat (D:1)
  2 rats (D:1)
4 creatures vanquished.

Notes
Turn   | Place    | Note
-------+----------+-------------------------------------------
     0 | D:1      | mopl the Tengu Warper began the quest for the Orb.
     0 | D:1      | Reached XP level 1. HP: 12/12 MP: 4/4
    39 | D:1      | Found Hiob's Weapon Emporium.
   264 | D:1      | Succumbed to a kobold's poison

Illustrated notes

Levels and vault maps discovered:
D:1:      matt_arrival_diagonals, layout_loops_ring,
          shapermc_ecumenical_altar_pompeii, serial_shops,
          nicolae_shop_bloodbath_and_beyond

Action                   || total
-------------------------++-------
Melee: Falchion          ||    16
       Kick              ||     6
       Punch             ||     2
       Peck              ||     1
Armor: Leather armour    ||     3
Dodge: Dodged            ||     9
